 Dungeon Crawl Stone Soup version 0.20-a0-71-g11d6418 (webtiles) character file.

62799 KristoblXynda the Blocker (level 14, -10/99 HPs)
             Began as a Demonspawn Hunter on Nov 18, 2016.
             Was the Champion of Makhleb.
             Mangled by a wraith (11 damage)
             ... led by Josephine
             ... on level 1 of the Orcish Mines.
             The game lasted 01:14:44 (26705 turns).

KristoblXynda the Blocker (Demonspawn Hunter)      Turns: 26705, Time: 01:14:44

Health: -10/99     AC: 25    Str: 17    XL:     14   Next: 65%
Magic:  29/29      EV: 12    Int: 25    God:    Makhleb [******]
Gold:   1522       SH: 13    Dex: 22    Spells: 3 memorised, 6 levels left

rFire  + + .     SeeInvis +     t - +2 spear (venom)
rCold  + . .     Gourm    .     E - +6 scale mail "Hero's Friend" {*Corrode MP+9 Dex+4}
rNeg   + + +     Faith    .     O - +0 shield
rPois  .         Spirit   .     (helmet unavailable)
rElec  +         Reflect  .     p - +0 cloak
rCorr  .         Harm     .     s - +0 pair of gloves
MR     +....                    k - +1 pair of boots "Afeinut" {rF+ Dex+4}
Stlth  +++.......               R - amulet "Tipeam" {*Contam +Rage rElec rN+++ Int+5}
                                D - +5 ring of slaying
                                N - +5 ring of intelligence

@: very slightly contaminated, slowed, invisible, very slow
A: antennae 3, claws 2, fangs 2, talons 1, iridescent scales 3, cold resistance
1, demonic guardian 2, fire resistance 1, nightstalker 2, regeneration 1, robust
1, electricity resistance, strong 1, subdued magic 1
a: Minor Destruction, Lesser Servant of Makhleb, Major Destruction, Greater
Servant of Makhleb, Renounce Religion, Evoke Berserk Rage


You were on level 1 of the Orcish Mines.
You worshipped Makhleb.
Makhleb was exalted by your worship.
You were not hungry.

You visited 6 branches of the dungeon, and saw 24 of its levels.

You collected 1802 gold pieces.
You spent 280 gold pieces at shops.

Inventory:

Hand Weapons
 m - a +1 short sword of flaming
 t - a +2 spear of venom (weapon)
Missiles
 d - 3 throwing nets (quivered)
 e - 393 bolts
Armour
 k - the +1 pair of boots "Afeinut" (worn) {rF+ Dex+4}
   (You found it on level 9 of the Dungeon)

   It affects your dexterity (+4).
   It protects you from fire.
 p - a +0 cloak (worn)
 s - a +0 pair of gloves (worn)
 E - the +6 scale mail "Hero's Friend" (worn) {*Corrode MP+9 Dex+4}
   (You found it on level 12 of the Dungeon)

   It affects your dexterity (+4).
   It affects your magic capacity (+9).
   It may corrode you when you take damage.
 O - a +0 shield (worn)
Rods
 B - a +2 rod of inaccuracy (15/15)
   (You found it on level 10 of the Dungeon)
Jewellery
 D - a +5 ring of slaying (right hand)
 N - a +5 ring of intelligence (left hand)
 R - the amulet "Tipeam" (around neck) {*Contam +Rage rElec rN+++ Int+5}
   (You found it on level 6 of the Lair of Beasts)

   [amulet of rage]

   It affects your intelligence (+5).
   It insulates you from electricity.
   It renders you almost immune to negative energy.
   It lets you go berserk.
   It causes magical contamination when unequipped.
Wands
 A - a wand of heal wounds (7/9)
Scrolls
 o - 3 scrolls of teleportation
Potions
 a - a potion of might
 b - a potion of invisibility
 q - a potion of mutation
 F - 3 potions of curing
Comestibles
 f - 14 bread rations
 g - 2 meat rations


   Skills:
 - Level 2.0 Fighting
 - Level 3.2 Short Blades
 - Level 10.5 Polearms
 - Level 9.0 Throwing
 - Level 9.2 Armour
 - Level 5.0 Dodging
 - Level 2.0 Stealth
 + Level 10.7 Shields
 - Level 4.0 Spellcasting
 + Level 5.1 Charms
 + Level 6.2 Necromancy
 - Level 6.2 Air Magic
 - Level 7.0 Invocations
 - Level 7.0 Evocations


You had 6 spell levels left.
You knew the following spells:

 Your Spells              Type           Power        Failure   Level  Hunger
a - Tornado               Air            ####......   100%        9    #######
b - Regeneration          Chrm/Necr      ####......   12%         3    ##.....
c - Spectral Weapon       Hex/Chrm       ##......     43%         3    ##.....


Dungeon Overview and Level Annotations

Branches:
Dungeon (13/15)            Temple (1/1) D:7            Lair (6/6) D:8
 Shoals (1/4) Lair:3       Spider (0/4) Lair:3        Slime (0/5) Lair:5
    Orc (2/2) D:9             Elf (1/3) Orc:2
 Vaults: D:13-14

Altars:
Ashenzari
Cheibriados
Dithmenos
Elyvilon
Fedhas
Gozag
Hepliaklqana
Kikubaaqudgha
Makhleb
Nemelex Xobeh
Okawaru
Qazlal
Ru
Sif Muna
Trog
Uskayaw
Vehumet
Xom
Yredelemnul
Zin
The Shining One
Beogh

Shops:
D:13 ==*((   Orc:2 %!%}

Annotations:
Lair:5 exclusion: 3 oklob plants


Innate Abilities, Weirdness & Mutations

You have a pair of large antennae on your head. (SInv)
You are completely covered in iridescent scales. (AC +6)
A demonic guardian rushes to your aid.
Your flesh is heat resistant. (rF+)
You are significantly more attuned to the shadows.
You have very sharp fingernails.
You have extremely sharp teeth.
You have sharp toenails.
Your flesh is cold resistant. (rC+)
Your natural rate of healing is unusually fast.
You are robust. (+10% HP)
You are resistant to electric shocks. (rElec)
Your muscles are strong. (Str +2)
Your spells are a little easier to cast, but a little less powerful.


Message History

The troll closely misses you. You block the wraith's attack.
The orc warrior hits you but does no damage.
The orc priest looks encouraged for a moment.
Your smoke demon closely misses the wraith.
Your smoke demon hits the wraith.
Your smoke demon hits the wraith but does no damage.
The warg barely misses you. The wraith hits you.
* * * LOW HITPOINT WARNING * * *
The orc warrior throws a tomahawk.
The tomahawk misses the orc knight.
You block the tomahawk. The orc hits you but does no damage.
The orc wizard completely misses you.
You barely miss the orc wizard. You block the wraith's attack.
You block the troll's attack. The troll misses you.
You block the troll's attack. You block the warg's attack.
The orc knight hits you with a battleaxe!
* * * LOW HITPOINT WARNING * * *
Your smoke demon barely misses the wraith.
Your smoke demon hits the wraith but does no damage. x2
The wraith hits you!
You die...

o.. .....
.... .....
....###.....
.....#......
....ooo.....
....ooWo....
...ho@hWo...
....oTWo....
......o3.#..
.....o).....
............
............
#..........
.>.........


o You could see an orc knight, a troll, 3 wraiths, 2 wargs, 2 orc warriors, an
orc priest, 3 orc wizards, 5 orcs and a friendly smoke demon.

Vanquished Creatures
  Nessos (Lair:6)
  A dire elephant (Lair:5)
  Josephine (Orc:1)
  The ghost of KristoblXynda the Covert, a journeyman NaMo of Cheibriados (D:11)
  5 hydras
  7 death yaks (Lair:6)
  A tengu warrior (D:13)
  4 hill giants
  2 orc knights (Orc:2)
  An orb spider (Lair:3)
  An ugly thing (D:12)
  3 manticores
  An orc sorcerer (Orc:1)
  22 elephants
  5 black mambas
  Maurice (D:11)
  A centaur zombie (D:12)
  13 spiny frogs
  A rime drake (Lair:2)
  A kobold demonologist (D:12)
  2 komodo dragons
  A tengu conjurer (D:13)
  2 trolls
  The ghost of KristoblXynda the Sneak, an amateur NaMo (D:4)
  A meliai (shapeshifter) (D:13)
  A polar bear (Lair:4)
  A queen bee (Lair:3)
  5 dream sheep (Lair:4)
  A two-headed ogre (D:13)
  8 hippogriffs
  15 blink frogs
  A snapping turtle (Lair:3)
  A spriggan (Lair:5)
  A wraith (D:13)
  Sigmund (D:3)
  2 wyverns
  2 basilisks
  35 yaks
  2 vampires
  3 wargs
  9 water moccasins
  Duvessa (D:6)
  30 orc warriors
  5 porcupines
  12 ice beasts
  5 sky beasts
  A black bear (D:7)
  3 phantoms
  11 ogres
  4 wolves (Lair:2)
  15 centaurs
  12 crocodiles
  20 bullfrogs
  3 big kobolds
  A gnoll sergeant (D:6)
  Dowan (D:6)
  A wyvern skeleton (D:13)
  2 scorpions
  41 killer bees
  A howler monkey (D:6)
  2 electric eels
  2 bullfrog zombies (D:6)
  7 crimson imps
  A quasit (D:7)
  13 hounds
  4 jellies (D:8)
  3 centaur skeletons
  8 orc priests
  A bullfrog skeleton (D:7)
  14 orc wizards
  2 iguanas
  Terence (D:2)
  Natasha (thrice) (D:3 D:5)
  15 worker ants
  A hound zombie (D:11)
  A hound skeleton (D:11)
  7 gnolls
  8 adders
  3 shadow imps
  5 oozes (D:8)
  An adder skeleton (D:8)
  3 worms
  3 dart slugs (D:2)
  2 leopard geckos
  87 orcs
  4 bats
  8 giant cockroaches
  9 goblins
  8 hobgoblins
  16 jackals
  17 kobolds
  6 quokkas
  2 ball pythons
  6 frilled lizards
  A jackal skeleton (D:4)
  A leopard gecko skeleton (D:7)
  A quokka skeleton (D:4)
  3 quokka zombies
  6 rats
622 creatures vanquished.

Vanquished Creatures (collateral kills)
  An orc warlord (Orc:1)
  3 catoblepae (Lair:6)
  A cyclops (D:12)
  2 elephants
  A black mamba (Lair:4)
  A spiny frog (Lair:2)
  A blink frog (Lair:6)
  2 yaks (Lair:6)
  An ice beast (D:7)
  4 orc warriors
  An ogre (D:5)
  A centaur (Orc:2)
  A bullfrog (D:6)
  A killer bee (Lair:3)
  An orc priest (D:12)
  2 gnolls (D:6)
  6 orcs
  2 kobolds (D:12)
  A fungus (Lair:3)
33 creatures vanquished.

Vanquished Creatures (others)
  An orc (Orc:1)
  19 fungi
  11 plants (Lair:6)
31 creatures vanquished.

Grand Total: 686 creatures vanquished

Notes
Turn   | Place    | Note
-------+----------+-------------------------------------------
     0 | D:1      | KristoblXynda the Demonspawn Hunter began the quest for the Orb.
     0 | D:1      | Reached XP level 1. HP: 16/16 MP: 1/1
   112 | D:1      | Reached skill level 1 in Stealth
   230 | D:1      | Gained mutation: You are partially covered in iridescent scales. (AC +2) [demonic ancestry]
   230 | D:1      | Reached XP level 2. HP: 10/22 MP: 2/2
  1516 | D:2      | Gained mutation: You are slightly more attuned to the shadows. [demonic ancestry]
  1516 | D:2      | Reached XP level 3. HP: 27/27 MP: 3/3
  1719 | D:2      | Found a bloodstained altar of Trog.
  1943 | D:2      | Noticed Terence
  1953 | D:2      | Killed Terence
  1953 | D:2      | Reached skill level 1 in Armour
  2268 | D:2      | Reached XP level 4. HP: 32/33 MP: 4/4
  2592 | D:3      | Noticed Sigmund
  2639 | D:3      | Noticed Natasha
  2649 | D:3      | Killed Natasha
  2942 | D:3      | Gained mutation: You have a pair of small antennae on your head. [demonic ancestry]
  2942 | D:3      | Reached XP level 5. HP: 36/38 MP: 5/5
  2955 | D:3      | Found an iron altar of Okawaru.
  3239 | D:3      | Killed Sigmund
  3239 | D:3      | Reached skill level 5 in Throwing
  3239 | D:3      | Reached XP level 6. HP: 30/44 MP: 6/6
  3441 | D:3      | Found a glowing silver altar of Zin.
  3715 | D:4      | Noticed KristoblXynda's ghost (amateur NaMo)
  3823 | D:4      | Killed KristoblXynda's ghost
  3823 | D:4      | Gained mutation: You have a pair of antennae on your head. [demonic ancestry]
  3823 | D:4      | Reached XP level 7. HP: 28/50 MP: 7/7
  4641 | D:4      | Found a glowing golden altar of the Shining One.
  4793 | D:4      | Reached skill level 1 in Polearms
  5224 | D:5      | Entered Level 5 of the Dungeon
  5759 | D:5      | Noticed Natasha
  5767 | D:5      | Killed Natasha
  5767 | D:5      | Gained mutation: A weak demonic guardian rushes to your aid. [demonic ancestry]
  5767 | D:5      | Reached XP level 8. HP: 35/56 MP: 8/8
  5773 | D:5      | Reached skill level 5 in Armour
  6531 | D:5      | Noticed Natasha
  6542 | D:5      | Killed Natasha
  6591 | D:5      | Got a jewelled ring mail
  6602 | D:5      | Identified the +5 ring mail of Shielding {rCorr Str+8 Int-5 Slay-5} (You found it on level 5 of the Dungeon)
  7264 | D:6      | Found a shadowy altar of Dithmenos.
  7310 | D:6      | HP: 2/56 [ogre/giant club (11)]
  8147 | D:6      | Noticed Duvessa
  8148 | D:6      | Noticed Dowan
  8166 | D:6      | Killed Dowan
  8202 | D:6      | Killed Duvessa
  8202 | D:6      | Gained mutation: You are mostly covered in iridescent scales. (AC +4) [demonic ancestry]
  8202 | D:6      | Reached XP level 9. HP: 28/61 MP: 9/9
  8694 | D:7      | Found a hide-covered altar of Uskayaw.
  8783 | D:7      | Reached skill level 5 in Polearms
  8820 | D:7      | HP: 3/61 [poisoned by a killer bee]
  8825 | D:7      | HP: 2/61 [poisoned by a killer bee]
  9251 | D:7      | Found a shimmering altar of Xom.
  9501 | D:7      | Found a staircase to the Ecumenical Temple.
  9527 | Temple   | Entered the Ecumenical Temple
  9623 | Temple   | Became a worshipper of Makhleb the Destroyer
  9901 | D:7      | Identified the Grimoire of Fetching Weightlessness
 10390 | D:7      | Found a shattered altar of Ashenzari.
 10458 | D:8      | Found a radiant altar of Vehumet.
 10549 | D:8      | Found a blossoming altar of Fedhas.
 10693 | D:8      | Reached * piety under Makhleb
 10989 | D:8      | Found a staircase to the Lair.
 11257 | D:8      | Gained mutation: You are resistant to electric shocks. (rElec) [mutagenic meat]
 11258 | D:8      | Gained mutation: You possess an exceptional clarity of mind. [mutagenic meat]
 11259 | D:8      | Gained mutation: You have very sharp teeth. [mutagenic meat]
 11260 | D:8      | Gained mutation: You are frail. (-10% HP) [mutagenic meat]
 11261 | D:8      | Gained mutation: Your natural rate of healing is unusually fast. [mutagenic meat]
 11262 | D:8      | Gained mutation: Your spells are a little easier to cast, but a little less powerful. [mutagenic meat]
 11328 | D:8      | Gained mutation: You are completely covered in iridescent scales. (AC +6) [demonic ancestry]
 11328 | D:8      | Reached XP level 10. HP: 23/60 MP: 10/10
 11696 | D:8      | Reached skill level 1 in Evocations
 12346 | D:9      | Got a pair of shimmering boots
 12352 | D:9      | Identified the +1 pair of boots "Afeinut" {rF+ Dex+4} (You found it on level 9 of the Dungeon)
 12395 | D:9      | Found a staircase to the Orcish Mines.
 12411 | D:9      | Found a roughly hewn altar of Beogh.
 12567 | D:9      | Found a deep blue altar of Sif Muna.
 12862 | D:10     | Entered Level 10 of the Dungeon
 12909 | D:10     | Gained mutation: You have sharp toenails. [potion of mutation]
 12909 | D:10     | Lost mutation: You possess an exceptional clarity of mind. [potion of mutation]
 12909 | D:10     | Lost mutation: You are frail. (-10% HP) [potion of mutation]
 12993 | D:10     | Reached ** piety under Makhleb
 13137 | D:10     | Gained mutation: Your body sometimes deteriorates upon taking damage. [mutagenic meat]
 13140 | D:10     | Gained mutation: You have sharp fingernails. [mutagenic meat]
 13141 | D:10     | Gained mutation: You have very sharp fingernails. [mutagenic meat]
 13354 | D:10     | Identified a +0 rod of inaccuracy (13/13) (You found it on level 10 of the Dungeon)
 13420 | D:11     | Got a jewelled mace
 13421 | D:11     | Identified the +5 mace of Tender Mercy {drain, rPois} (You found it on level 11 of the Dungeon)
 13537 | D:11     | Noticed KristoblXynda's ghost (journeyman NaMo)
 13576 | D:11     | Killed KristoblXynda's ghost
 13680 | D:11     | Noticed Maurice
 13693 | D:11     | Killed Maurice
 14166 | D:11     | Reached skill level 5 in Evocations
 14191 | D:11     | Noticed a six-headed hydra
 14197 | D:11     | Killed a six-headed hydra
 14197 | D:11     | Gained mutation: You are significantly more attuned to the shadows. [demonic ancestry]
 14197 | D:11     | Reached XP level 11. HP: 68/72 MP: 14/14
 14237 | D:12     | Noticed a six-headed hydra
 14448 | D:12     | Reached skill level 1 in Invocations
 14590 | D:12     | Noticed a hill giant
 14609 | D:12     | Got an encrusted hand crossbow
 14610 | D:12     | Identified the +9 hand crossbow "Aphai" {penet, rF+ rC+ Dex-4} (You found it on level 12 of the Dungeon)
 14644 | D:12     | Reached *** piety under Makhleb
 14672 | D:12     | Killed a six-headed hydra
 14733 | D:12     | Killed a hill giant
 14825 | D:12     | Got a faintly humming scale mail
 14955 | D:12     | Identified the +6 scale mail "Hero's Friend" {*Corrode MP+9 Dex+4} (You found it on level 12 of the Dungeon)
 15081 | D:12     | Noticed a red ugly thing
 15096 | D:12     | Killed a red ugly thing
 15442 | D:13     | Noticed a hill giant
 15446 | D:13     | Killed a hill giant
 15446 | D:13     | Reached skill level 5 in Invocations
 15583 | D:13     | Gained mutation: Your flesh is cold resistant. (rC+) [mutagenic meat]
 15585 | D:13     | Gained mutation: You have extremely sharp teeth. [mutagenic meat]
 15684 | D:13     | Noticed a hill giant
 15698 | D:13     | Killed a hill giant
 15700 | D:13     | Noticed a hill giant
 15709 | D:13     | Killed a hill giant
 15781 | D:13     | Found Cestec's Antique Weapon Shoppe.
 15787 | D:13     | Bought a crude spear for 280 gold pieces
 15793 | D:13     | Identified the +3 spear of the Invisible Beggars {vamp, Int+2 SInv} (You bought it in a shop on level 13 of the Dungeon)
 15826 | D:13     | Found Ysmagat's General Store.
 15841 | D:13     | Noticed a tengu warrior
 15866 | D:13     | Killed a tengu warrior
 15936 | D:13     | Found Ikoenir's Jewellery Emporium.
 15970 | D:13     | Reached XP level 12. HP: 78/78 MP: 17/17
 16152 | D:13     | Found Opuirr's Jewellery Shop.
 16255 | D:13     | Found Zanasch's Weapon Shop.
 16839 | D:13     | Reached **** piety under Makhleb
 16839 | D:13     | Reached skill level 1 in Shields
 17006 | Lair:1   | Entered Level 1 of the Lair of Beasts
 17033 | Lair:1   | Learned a level 9 spell: Tornado
 17206 | Lair:1   | Reached skill level 10 in Polearms
 18333 | Lair:2   | Reached skill level 5 in Dodging
 18405 | Lair:2   | Noticed a four-headed hydra
 18437 | Lair:2   | Killed a four-headed hydra
 18591 | Lair:2   | Reached skill level 1 in Short Blades
 19023 | Lair:2   | Reached ***** piety under Makhleb
 19023 | Lair:2   | Reached skill level 5 in Shields
 19555 | Lair:3   | Reached skill level 1 in Spellcasting
 19568 | Lair:3   | Noticed a five-headed hydra
 19572 | Lair:3   | Killed a five-headed hydra
 19839 | Lair:3   | Gained mutation: Your flesh is heat resistant. (rF+) [demonic ancestry]
 19839 | Lair:3   | Reached XP level 13. HP: 83/83 MP: 18/18
 20002 | Lair:3   | Found a staircase to the Shoals.
 20042 | Shoals:1 | Entered Level 1 of the Shoals
 20229 | Lair:3   | Found a hole to the Spider Nest.
 20695 | Lair:4   | Lost mutation: Your body sometimes deteriorates upon taking damage. [potion of mutation]
 20695 | Lair:4   | Gained mutation: You are robust. (+10% HP) [potion of mutation]
 20695 | Lair:4   | Gained mutation: You have a pair of large antennae on your head. (SInv) [potion of mutation]
 20844 | Lair:4   | Reached skill level 1 in Air Magic
 20979 | Lair:4   | Learned a level 3 spell: Regeneration
 21393 | Lair:4   | Learned a level 3 spell: Spectral Weapon
 22408 | Lair:5   | Noticed a dire elephant
 22427 | Lair:5   | Killed a dire elephant
 22446 | Lair:5   | Reached skill level 5 in Air Magic
 22715 | Lair:5   | Found a staircase to the Slime Pits.
 22962 | Lair:5   | Found a frozen archway.
 23171 | Lair:5   | Reached ****** piety under Makhleb
 23549 | Lair:5   | Gained mutation: You evolve. [potion of beneficial mutation]
 23558 | Lair:6   | Entered Level 6 of the Lair of Beasts
 23653 | Lair:6   | Noticed Nessos
 23691 | Lair:6   | Killed Nessos
 23691 | Lair:6   | Reached skill level 1 in Necromancy
 23813 | Lair:6   | Reached skill level 1 in Charms
 23899 | Lair:6   | Gained mutation: A demonic guardian rushes to your aid. [demonic ancestry]
 23899 | Lair:6   | Reached XP level 14. HP: 99/99 MP: 20/20
 24694 | Lair:6   | Reached skill level 10 in Shields
 24707 | Lair:6   | Got a warped graven amulet
 24710 | Lair:6   | Identified the amulet "Tipeam" {*Contam +Rage rElec rN+++ Int+5} (You found it on level 6 of the Lair of Beasts)
 25082 | Lair:6   | Gained mutation: Your muscles are strong. (Str +2) [evolution]
 25082 | Lair:6   | Lost mutation: You evolve. [end of evolution]
 25159 | Lair:3   | Reached skill level 5 in Necromancy
 25363 | Orc:1    | Entered Level 1 of the Orcish Mines
 25363 | Orc:1    | Noticed an orc warlord
 25478 | Orc:1    | Killed an orc warlord
 25627 | Orc:2    | Entered Level 2 of the Orcish Mines
 25890 | Orc:2    | Found Oxkaemer's Food Emporium.
 25890 | Orc:2    | Found Atijipn's Distillery.
 25890 | Orc:2    | Found Cerr's Food Shop.
 25910 | Orc:2    | Found Neicruo's Gadget Shoppe.
 25950 | Orc:2    | Reached skill level 5 in Charms
 26475 | Orc:2    | Found a staircase to the Elven Halls.
 26517 | Elf:1    | Entered Level 1 of the Elven Halls
 26676 | Orc:1    | Noticed Josephine
 26688 | Orc:1    | Killed Josephine
 26705 | Orc:1    | HP: 1/99 [orc knight/battleaxe (17)]
 26705 | Orc:1    | Mangled by a wraith

Vault maps used:
D:1:      wheals_arrival_linesprint
D:2:      overflow_temple_1_default, first_bread, uniq_terence
D:3:      zin_academy, marbit_many_paths, uniq_sigmund, uniq_natasha
D:4:      nicolae_tso_carved_into_rock
D:5:      st_stairs_14
D:6:      lemuel_upstairs_altar, lemuel_crystal_altar, uniq_duvessa
D:7:      lemuel_coloured_pillars_altar, old_standard_altar, kennysheep_mini
D:8:      vehumet_crystals, old_standard_altar, lair_entry_dummy,
          hangedman_little_slice_of_home
D:9:      led_sif_book, minmay_orc_entry_temple_small
D:10:     small_statue_intersection
D:11:     uniq_maurice
D:12:     lemuel_statue_altar
D:13:     serial_shops, shop, shop_statue, shop, kennysheep_little_box, shop
Temple:   zaba_magenta_temple
Lair:1:   serial_bayou_shore_a, grunt_megastairs_3
Lair:2:   beast_lair_carwin_large_2
Lair:3:   minmay_shoals_entry_hut, nicolae_spider_entry_orb_guardian,
          special_room
Lair:4:   nicolae_quartered_pool_super
Lair:5:   mu_elephants_graveyard, minmay_slime_entry_oklob_open,
          portal_ice_cave_entry_ice_beasts, serial_bayou_shore_b,
          lemuel_fruit_tree
Lair:6:   evilmike_catoblepas_cave, serial_forest, infiniplex_forest_lined_2,
          infiniplex_forest_end_1, infiniplex_forest_clump_cross,
          infiniplex_forest_end_3, infiniplex_forest_lined_3,
          infiniplex_forest_clump_long, uniq_nessos
Orc:1:    uniq_josephine, uniq_erolcha
Orc:2:    st_orc_rangers, lightli_orcish_oven
Elf:1:    eino_elf_arrival_customs, serial_shops,
          nicolae_shop_competitors_out_of_business,
          hangedman_elven_crosses_minicolossus, minmay_crystal_room

Skill      XL: |  1  2  3  4  5  6  7  8  9 10 11 12 13 14 |
---------------+-------------------------------------------+-----
Stealth        | 1 2 |  2.0
Dodging        | 2 3 5 |  5.0
Throwing       | 4 5 6 7 9 |  9.0
Armour         | 1 2 3 4 6 7 9 |  9.2
Polearms       | 2 4 6 8 9 10 | 10.5
Evocations     | 5 7 |  7.0
Invocations    | 7 |  7.0
Shields        | 6 9 10 | 10.7
Short Blades   | 3 |  3.2
Spellcasting   | 3 4 |  4.0
Air Magic      | 6 |  6.2
Necromancy     | 1 6 |  6.2
Charms         | 1 5 |  5.1
Fighting       | |  2.0

Action                   |  1- 3 |  4- 6 |  7- 9 | 10-12 | 13-15 || total
-------------------------+-------+-------+-------+-------+-------++-------
Melee: Short sword       |    16 |       |    34 |    65 |       ||   115
       Dagger            |   126 |   224 |   300 |       |       ||   650
       Spear             |       |       |   391 |  1065 |  1177 ||  2633
       Bite              |       |       |     2 |   155 |   257 ||   414
Throw: Javelin           |       |     5 |    19 |     8 |     2 ||    34
Evoke: Rod               |       |       |       |    26 |     5 ||    31
       Wand              |       |       |       |     4 |     2 ||     6
  Use: Scroll            |     5 |     5 |     9 |    17 |    12 ||    48
       Potion            |     3 |     6 |     3 |    11 |     5 ||    28
 Stab: Sleeping          |     1 |     3 |       |    15 |     8 ||    27
       Distracted        |       |       |       |    12 |    10 ||    22
       Invisible         |       |       |       |       |     3 ||     3
  Eat: Chunk             |     4 |     4 |    17 |    20 |     4 ||    49
       Fruit             |       |     1 |     3 |     4 |     6 ||    14
       Beef jerky        |       |       |     1 |     4 |     2 ||     7
       Meat ration       |       |       |     2 |     1 |     1 ||     4
       Royal jelly       |       |       |       |     2 |     1 ||     3
       Bread ration      |       |       |       |     1 |     1 ||     2
       Pizza             |       |       |       |       |     2 ||     2
Armor: Leather armour    |    22 |       |       |       |       ||    22
       Ring mail         |    20 |    86 |    23 |       |       ||   129
       Chain mail        |       |       |   367 |   272 |       ||   639
       Skin              |       |       |    47 |    49 |       ||    96
       Scale mail        |       |       |       |   306 |   536 ||   842
Dodge: Dodged            |    78 |   119 |   229 |   400 |   510 ||  1336
Block: Buckler           |       |       |       |    97 |   194 ||   291
       Shield            |       |       |       |       |   336 ||   336
